 Dungeon Crawl Stone Soup version 0.16-a0-328-gfd822c7 (webtiles) character file.

450 Ratboiler the Insei (level 7, -1/43 HPs)
             Began as an Octopode Transmuter on Sept 6, 2014.
             Slain by a wraith (6 damage)
             ... in an ossuary.
             The game lasted 00:12:51 (4366 turns).

Ratboiler the Insei (Octopode Transmuter)           Turns: 4366, Time: 00:12:51

HP  -1/43        AC  1     Str 10      XL: 7   Next:  4%
MP  10/12        EV 12     Int 15      God:
Gold 124         SH  0     Dex 14      Spells:  3 memorised,  4 levels left

rFire  + . .     SeeInvis .       - Unarmed
rCold  x . .     Clarity  .     (no shield)
rNeg   . . .     rCorr    .     (helmet restricted)
rPois  .         rRot     .     (no amulet)
rElec  .         Spirit   .     l - cursed ring of fire
SustAb .         Warding  .     (no ring)
rMut   .         Stasis   .     (no ring)
Gourm  .                        (no ring)
MR     .....                    (no ring)
                                (no ring)
                                (no ring)
                                (no ring)

@: very slightly contaminated, not resistant to hostile enchantments, unstealthy
A: almost no armour, amphibious, 8 rings, constrict 8, camouflage 1, gelatinous
body 1
a: no special abilities


You were in an ossuary.
You were not hungry.

You visited 1 branch of the dungeon, and saw 4 of its levels.
You also visited: Ossuary.

You collected 124 gold pieces.

Inventory:

Hand weapons
 v - a +1 vampiric short sword
Missiles
 b - 53 arrows
 e - 33 stones (quivered)
 i - 5 needles of confusion
 t - 8 javelins
 u - 17 arrows of frost
 w - 34 poisoned needles
Comestibles
 a - 3 bread rations
 m - a slice of pizza
 r - a meat ration
Scrolls
 h - a scroll of amnesia
 s - a scroll of fog {unknown}
 x - a scroll of enchant armour {unknown}
 y - a scroll of remove curse
 A - a scroll of random uselessness {unknown}
 B - a scroll of fear {unknown}
Jewellery
 k - an uncursed ring of teleportation
 l - a cursed ring of fire (left tentacle)
Potions
 c - a potion of flight
 f - a potion of magic
 n - a potion of might {unknown}
 o - a potion of porridge
 p - a potion of cancellation {unknown}
 q - a potion of curing {unknown}
 z - a potion of berserk rage {unknown}
Books
 d - a book of Changes

   Spells                             Type                      Level
   *Beastly Appendage                 Transmutation                1
   *Sticks to Snakes                  Transmutation                2
   *Spider Form                       Transmutation/Poison         3
   Ice Form                           Ice/Transmutation            4
   Blade Hands                        Transmutation                5


   Skills:
 - Level 1.0 Fighting
 - Level 2.0 Dodging
 - Level 6.2 Unarmed Combat
 - Level 2.0 Spellcasting
 + Level 4.8 Transmutations


You had 4 spell levels left.
You knew the following spells:

 Your Spells              Type           Power        Failure   Level  Hunger
a - Beastly Appendage     Trmt           ###...       3%          1    #......
b - Sticks to Snakes      Trmt           ###.......   6%          2    ###....
c - Spider Form           Trmt/Pois      #.........   30%         3    ####...


Dungeon Overview and Level Annotations

Branches:
Dungeon (4/15)
 Temple: D:4-7

Altars:
Ashenzari
Fedhas
The Shining One


Innate Abilities, Weirdness & Mutations

You cannot wear most types of armour.
You are amphibious.
You can wear up to eight rings at the same time.
You can use your tentacles to constrict many enemies at once.
Your skin changes colour to match your surroundings (Stealth).
Your rubbery body absorbs attacks (AC +1).


Message History

The wraith misses you.
The flying skull gives a hideous shriek!
You see here a scroll of remove curse.
The wraith misses you. The wraith misses you. The wraith misses you.
The wraith hits you!
* * * LOW HITPOINT WARNING * * *
Read which item? (? for menu, Esc to quit)
As you read the scroll labeled SMENWI DIELUAFF, it crumbles to dust.
It is a scroll of recharging.
You aren't carrying any rechargeable items.
The wraith hits you.
* * * LOW HITPOINT WARNING * * *
Unknown command.
Drink which item? (? for menu, Esc to quit)
It has a very clean taste.
It was a potion of cure mutation.
You feel yourself speed up. The wraith hits you.
You die...

#################
#.. ............#
#.+ #..###..##'.#
#.# #..#z#..#.#.#
#.###..###..###.#
#...............#
#.# #../....###.##
#@# #..?!!..# #.'.
#W###..?!!..###.##
#...............#
#.###..###..###.#
#.# #..#z#..#)#.#
#.+ #..###..##'.#
#.. ............#
#################


You could see a wraith.

Vanquished Creatures
  A scorpion (D:4)
  A wight (Ossuary)
  Crazy Yiuf (D:2)
  2 iguanas
  An orc wizard (D:3)
  3 worker ants
  A mummy (D:4)
  7 adders
  A worm (D:3)
  An adder skeleton (D:4)
  3 adder zombies (Ossuary)
  5 giant geckos
  An ooze (D:3)
  5 orcs
  2 ball pythons
  14 bats
  6 giant cockroaches
  7 goblins
  3 hobgoblins (D:1)
  3 jackals (D:1)
  9 kobolds
  A giant newt (D:1)
  2 hobgoblin skeletons (Ossuary)
  A kobold zombie (Ossuary)
  An orc skeleton (Ossuary)
  An orc zombie (Ossuary)
  A quokka (D:2)
  5 rats
89 creatures vanquished.

Notes
Turn   | Place    | Note
--------------------------------------------------------------
     0 | D:1      | Ratboiler, the Octopode Transmuter, began the quest for the Orb.
     0 | D:1      | Reached XP level 1. HP: 13/13 MP: 3/3
   366 | D:1      | Reached XP level 2. HP: 18/18 MP: 1/4
   376 | D:1      | Learned a level 2 spell: Sticks to Snakes
   781 | D:1      | Reached skill level 4 in Unarmed Combat
   963 | D:1      | Reached XP level 3. HP: 23/23 MP: 4/6
   969 | D:1      | Learned a level 3 spell: Spider Form
  1668 | D:2      | Found a shattered altar of Ashenzari.
  1763 | D:2      | Reached XP level 4. HP: 28/28 MP: 0/7
  1863 | D:2      | Reached skill level 5 in Unarmed Combat
  2187 | D:2      | Noticed Crazy Yiuf
  2201 | D:2      | Killed Crazy Yiuf
  2455 | D:3      | Reached XP level 5. HP: 29/33 MP: 9/9
  2750 | D:3      | Reached skill level 6 in Unarmed Combat
  3170 | D:3      | Reached XP level 6. HP: 33/38 MP: 10/10
  3449 | D:4      | Found a glowing golden altar of the Shining One.
  3966 | D:4      | Found a blossoming altar of Fedhas.
  4122 | D:4      | Found a sand-covered staircase.
  4135 | Ossuary  | Entered an ossuary
  4280 | Ossuary  | Noticed a wraith
  4280 | Ossuary  | Noticed a flying skull
  4297 | Ossuary  | Noticed a flying skull
  4307 | Ossuary  | Reached XP level 7. HP: 43/43 MP: 4/12
  4344 | Ossuary  | Noticed a wraith
  4353 | Ossuary  | Noticed a flying skull
  4366 | Ossuary  | Slain by a wraith

Action                   |  1- 3 |  4- 6 |  7- 9 || total
-------------------------+-------+-------+-------++-------
Melee: Unarmed           |    89 |   134 |     6 ||   229
 Cast: Beastly Appendage |    14 |     2 |       ||    16
       Spider Form       |     1 |    15 |     1 ||    17
       Sticks to Snakes  |       |     3 |       ||     3
  Use: Scroll            |     5 |     4 |     2 ||    11
       Potion            |       |       |     1 ||     1
 Stab: Sleeping          |     1 |     6 |       ||     7
  Eat: Chunk             |     3 |    11 |       ||    14
       Beef jerky        |       |     1 |       ||     1
